 Dungeon Crawl Stone Soup version 0.30.1-9-gdf580d7c3d (webtiles) character file.

Game seed: 9559078569496132055

681 Atelerd the Digger (level 7, 0/37 HPs)
             Began as an Octopode Earth Elementalist on Sept 25, 2023.
             Was a Follower of Sif Muna.
             Succumbed to a water moccasin's poison
             ... on level 5 of the Dungeon.
             The game lasted 00:03:27 (3952 turns).

Atelerd the Digger (Octopode Earth Elementalist)    Turns: 3952, Time: 00:03:28

Health: 0/37       AC:  1    Str:  7    XL:     7   Next: 61%
Magic:  13/15      EV: 13    Int: 18    God:    Sif Muna [*.....]
Gold:   240        SH:  0    Dex: 14    Spells: 15/16 levels left

rFire   . . .        e - +1 short sword (venom)
rCold   . . .        (no shield)
rNeg    . . .        (helmet restricted)
rPois   .            (no amulet)
rElec   .            (no ring)
rCorr   .            (no ring)
SInv    .            (no ring)
Will    .....        (no ring)
Stlth   +++          (no ring)
HPRegen 0.26/turn    (no ring)
MPRegen 0.14/turn    (no ring)
                     (no ring)

%: no passive effects
@: lethally poisoned (0 -> -9), invisible
A: almost no armour, amphibious, 8 rings, camouflage 1, gelatinous body 1,
(nimble swimmer 1), tentacles, frail 1, wild magic 1
a: Renounce Religion, Channel Magic


You were on level 5 of the Dungeon.
You worshipped Sif Muna.
Sif Muna was aware of your devotion.
You visited 1 branch of the dungeon, and saw 5 of its levels.

You collected 240 gold pieces.

Inventory:

Hand Weapons
 d - a +0 dagger
 e - a +1 short sword of venom (weapon)
Missiles
 v - a throwing net
Magical Staves
 c - a staff of cold
Jewellery
 t - a ring of fire
Scrolls
 b - 3 scrolls of immolation
 f - a scroll of torment {unknown}
 h - 5 scrolls of teleportation
 j - a scroll of identify
 m - a scroll of enchant weapon
 n - a scroll of magic mapping {unknown}
 o - a scroll of vulnerability
 r - a scroll of enchant armour {unknown}
 s - 2 scrolls of poison {unknown}
Potions
 a - a potion of magic
 g - a potion of brilliance
 i - a potion of curing {unknown}
 p - a potion of heal wounds {unknown}
 u - a potion of might {unknown}
 w - a potion of attraction {unknown}


   Skills:
 + Level 0.6 Fighting
 + Level 0.9 Short Blades
 - Level 2.0 Dodging
 - Level 2.6 Stealth
 + Level 0.1 Unarmed Combat
 + Level 5.4 Spellcasting
 + Level 1.0 Transmutations
 + Level 6.2 Earth Magic


You had 15 spell levels left.
You knew the following spells:

 Your Spells              Type           Power      Damage    Failure   Level
a - Sandblast             Erth           70%        2d15      2%          1

Your spell library contained the following spells:

 Spells                   Type           Power      Damage    Failure   Level
 Passwall                 Tmut/Erth      19%        N/A       7%          2
 Stone Arrow              Conj/Erth      42%        3d9       16%         3
 Scorch                   Fire           12%        2d6       26%         2
 Petrify                  Tmut/Erth      23%        N/A       36%         4
 Hailstorm                Conj/Ice       6%         3d4       45%         3
 Ice Form                 Ice/Tmut       8%         N/A       78%         4
 Flame Wave               Conj/Fire      6%         2d5       83%         4
 Simulacrum               Ice/Necr       3%         N/A       100%        6
 Summon Cactus Giant      Summ           3%         N/A       100%        6


Dungeon Overview and Level Annotations

Branches:
Dungeon (5/15)
 Temple: D:4-7

Altars:
Cheibriados
Sif Muna

Annotations:
D:3 2 transporters, Seven7's ghost, amateur MiFi
D:4 1 runed translucent door, Crazy Yiuf


Innate Abilities, Weirdness & Mutations

You cannot wear most types of armour.
You are amphibious.
You can wear up to eight rings at the same time.
Your skin changes colour to match your surroundings (Stealth+).
Your rubbery body absorbs attacks. (AC +1, EV +1)
((You are camouflaged when in or above water. (Stealth+)))
You have tentacles for arms and can constrict up to eight enemies at once.
You are frail. (-10% HP)
Your spells are a little harder to cast, but a little more powerful.


Message History

The ufetubus shouts!
A water moccasin comes into view.
The ufetubus closely misses you. The ufetubus hits you.
The blast of sand misses the ufetubus.
The water moccasin hisses angrily.
The ufetubus hits you. The ufetubus completely misses you.
The ufetubus barely misses you. The ufetubus closely misses you.
There are monsters nearby!
The blast of sand hits the ufetubus!
You kill the ufetubus!
Sif Muna accepts your kill. The water moccasin bites you!
You closely miss the water moccasin. Your grab misses the water moccasin.
You tentacle-slap the water moccasin, but do no damage.
The water moccasin bites you.
You are poisoned.
The water moccasin poisons you!
You hit the water moccasin. You grab the water moccasin.
You tentacle-slap the water moccasin.
The water moccasin is lightly wounded.
You constrict the water moccasin, but do no damage.
You feel sick. The water moccasin bites you! x2
* * * LOW HITPOINT WARNING * * *
You are lethally poisoned!
The water moccasin poisons you!
It was a potion of cancellation.
You feel magically purged.
You constrict the water moccasin.
* * * LOW HITPOINT WARNING * * *
You feel very sick. The water moccasin barely misses you.
It was a potion of invisibility.
You fade into invisibility!
You constrict the water moccasin.
* * * LOW HITPOINT WARNING * * *
You feel very sick. The water moccasin misses you.
It was a potion of mutation.
You feel extremely strange.
You feel frail.
You feel less in control of your magic.
You constrict the water moccasin.
You die...

.#####.....# #.#
#.....# #)###
#....)###)..#
#.#......##.#
#.#......# .#
.......##.##.#
............:.#
.#.##.####.########
#.#.......@.......
...#......S.....^.
.###.####........
#. #........ ..
#........ .
#........ #........
#........


You could see a water moccasin (unable to see you).

Vanquished Creatures
  Sigmund (D:2)
  An ogre (D:4)
  A phantom (D:4)
  2 scorpions
  Natasha (twice) (D:2)
  Terence (D:2)
  A sleepcap (D:4)
  6 adders
  2 ufetubi (D:5)
  4 dart slugs
  4 orcs
  7 ball pythons
  9 endoplasms
  5 giant cockroaches
  5 goblins
  3 hobgoblins (D:1)
  4 quokkas
  9 bats
  5 frilled lizards
  4 kobolds
  7 rats
83 creatures vanquished.

Notes
Turn   | Place    | Note
-------+----------+-------------------------------------------
     0 | D:1      | Atelerd the Octopode Earth Elementalist began the quest for
                  | the Orb.
     0 | D:1      | Reached XP level 1. HP: 11/11 MP: 3/3
   123 | D:1      | Reached XP level 2. HP: 17/17 MP: 0/5
   517 | D:1      | Reached XP level 3. HP: 17/21 MP: 3/6
   784 | D:2      | Found a shimmering blue altar of Sif Muna.
   785 | D:2      | Noticed Natasha
   791 | D:2      | Killed Natasha
   792 | D:2      | Reached skill level 4 in Earth Magic
   834 | D:2      | Noticed Natasha
   844 | D:2      | Became a worshipper of Sif Muna the Loreminder
  1014 | D:2      | Reached XP level 4. HP: 22/27 MP: 6/8
  1051 | D:2      | Found a faded altar of an unknown god.
  1083 | D:2      | Noticed Terence
  1093 | D:2      | Killed Terence
  1460 | D:2      | Noticed Sigmund
  1474 | D:2      | Killed Sigmund
  1475 | D:2      | Reached skill level 5 in Earth Magic
  1475 | D:2      | Reached XP level 5. HP: 22/32 MP: 6/11
  1475 | D:2      | Reached XP level 6. HP: 26/37 MP: 6/12
  1661 | D:2      | Killed Natasha
  1968 | D:3      | Reached * piety under Sif Muna
  2229 | D:3      | Found a snail-covered altar of Cheibriados.
  2255 | D:3      | Found a transporter.
  2263 | D:3      | Found a transporter.
  2263 | D:3      | Noticed Seven7's ghost (amateur MiFi)
  2905 | D:4      | Found a runed translucent door.
  2906 | D:4      | Noticed Crazy Yiuf
  2937 | D:4      | Reached XP level 7. HP: 42/42 MP: 8/14
  3068 | D:4      | Reached skill level 5 in Spellcasting
  3068 | D:4      | Reached skill level 6 in Earth Magic
  3747 | D:5      | Entered Level 5 of the Dungeon
  3764 | D:5      | HP: 2/42 [poisoned by a scorpion]
  3951 | D:5      | HP: 2/42 [poisoned by a water moccasin]
  3952 | D:5      | Gained mutation: You are frail. (-10% HP) [potion of
                  | mutation]
  3952 | D:5      | Gained mutation: Your spells are a little harder to cast,
                  | but a little more powerful. [potion of mutation]
  3952 | D:5      | Succumbed to a water moccasin's poison

Illustrated notes

Levels and vault maps discovered:
D:1:      dpeg_arrival_ternary, layout_rooms, serial_bayou_pond_a
D:2:      layout_loops_ring, basic_altar,
          hellmonk_ecumenical_altar_heavens_door, uniq_terence, uniq_sigmund,
          uniq_natasha
D:3:      layout_loops_cross, mainiacjoe_overflow_24_doors,
          gammafunk_ghost_mausoleum
D:4:      kennysheep_big_flooded_room, layout_basic, uniq_crazy_yiuf_cottage
D:5:      layout_loops_cross, minmay_fractal_squares_5, uniq_grinder,
          uniq_edmund

Skill      XL: |  1  2  3  4  5  6  7 |
---------------+----------------------+-----
Earth Magic    | 4 5 6 |  6.2
Spellcasting   | 4 5 |  5.4
Fighting       | |  0.6
Short Blades   | |  0.9
Dodging        | |  2.0
Stealth        | |  2.6
Unarmed Combat | |  0.1
Transmutations | |  1.0

Action                     |  1- 3 |  4- 6 |  7- 9 || total
---------------------------+-------+-------+-------++-------
  Melee: Unarmed           |     6 |       |       ||     6
         Constrict         |     4 |    13 |     3 ||    20
         Tentacles         |     5 |    13 |     2 ||    20
         Staff             |     5 |       |       ||     5
         Dagger            |     5 |       |       ||     5
         Short sword       |     1 |    35 |     8 ||    44
         Punch             |       |       |     2 ||     2
   Cast: Sandblast         |    32 |    43 |    24 ||    99
    Use: Scroll            |       |       |     5 ||     5
         Potion            |       |       |     3 ||     3
   Stab: Sleeping          |       |     4 |       ||     4
 Armour: Skin              |     1 |     2 |     1 ||     4
  Dodge: Dodged            |    17 |    30 |    14 ||    61
